 Dungeon Crawl Stone Soup version bcrawl-1.40.2 (webtiles) character file.

Game seed: 15571426037047862006

364094 Mehrunes the Basher (level 14, -2/111 HPs)
             Began as a Formicid Wanderer on Nov 3, 2023.
             Was an Elder of Wu Jian.
             Slain by an apis (29 damage)
             ... on level 5 of the Lair of Beasts.
             The game lasted 00:56:04 (19343 turns).

Mehrunes the Basher (Formicid Wanderer)            Turns: 19343, Time: 00:56:04

Health: -2/111     AC: 21    Str: 22    XL:     14   Next: 11%
Magic:  20/20      EV: 18    Int: 13    God:    Wu Jian [****..]
Gold:   1262       SH:  0    Dex: 11    Spells: 14/15 levels left

rFire    + . .     GDR:     32% Y - +2 great mace (flame)
rCold    . . .     SeeInvis +   (no shield)
rNeg     . . .     Gourm    .   f - +3 chain mail {rF+}
rPois    +         Faith    +   (helmet unavailable)
rElec    .         Spirit   .   N - +0 cloak of the Orange Skies {rPois Dex+2}
rCorr    .         Reflect  .   c - +2 pair of gloves
MR       +....                  v - +0 pair of boots
Stlth    ..........             V - amulet of faith
HPRegen  0.28/turn              H - +6 ring of evasion
MPRegen  0.17/turn              R - ring of wizardry

@: exhausted, glowing, heavenly storm
A: permanent stasis, dig shafts and tunnels, four strong arms, antennae 3
a: Dig, Shaft Self, Wall Jump, Serpent's Lash, Heavenly Storm, Renounce Religion


You were on level 5 of the Lair of Beasts.
You worshipped Wu Jian.
Wu Jian was greatly pleased with you.
You were not hungry.

You visited 3 branches of the dungeon, and saw 17 of its levels.
You also visited: Volcano.

You collected 1262 gold pieces.

Inventory:

Hand Weapons
 b - a +3 hunting sling
 G - a +0 giant club
 Y - a +2 great mace of flaming (weapon)
Missiles
 w - 381 poisoned tomahawks (quivered)
 z - 1407 sling bullets
 M - a throwing net {=f}
Armour
 c - a +2 pair of gloves (worn)
 f - a +3 chain mail of fire resistance (worn)
 v - a +0 pair of boots (worn)
 F - a +0 plate armour
 N - the +0 cloak of the Orange Skies (worn) {rPois Dex+2}
   (You found it on level 9 of the Dungeon)

   It affects your dexterity (+2).
   It protects you from poison.
Jewellery
 k - an uncursed amulet of the acrobat
 s - an uncursed ring of magical power
 H - a +6 ring of evasion (left hand)
 R - a ring of wizardry (right hand)
 V - an amulet of faith (around neck)
Wands
 y - a wand of polymorph (4)
 C - a wand of digging (21)
 I - a wand of flame (15)
 P - a wand of acid (14)
 Q - a wand of disintegration (3)
 U - a wand of iceblast (4)
Scrolls
 a - 2 scrolls of vulnerability {unknown}
 i - 2 scrolls of identify
 j - 2 scrolls of remove curse
 n - a scroll of fear {unknown}
 p - 4 scrolls of immolation
 r - a scroll of noise {unknown}
 t - 7 scrolls of enchant armour
 x - 2 scrolls of revelation
 D - 7 scrolls of amnesia
 J - 2 scrolls of acquirement {unknown}
 T - 2 scrolls of enchant weapon {unknown}
 X - a scroll of silence {unknown}
 Z - 2 scrolls of torment {unknown}
Potions
 d - 2 potions of agility
 g - 3 potions of curing
 h - 3 potions of might {unknown}
 l - 3 potions of brilliance
 o - 2 potions of resistance {unknown}
 q - a potion of invisibility
 u - 3 potions of mutation {unknown}
 A - 2 potions of berserk rage
 B - 2 potions of degeneration
 K - a potion of haste {unknown}
 L - a potion of lignification {unknown}
 S - 2 potions of magic {unknown}
 W - 3 potions of ambrosia {unknown}
Comestibles
 e - 21 rations {!d}
 m - 9 chunks of flesh


   Skills:
 + Level 10.7 Fighting
 * Level 13.3 Maces & Flails
 - Level 4.8(5.0) Slings
 - Level 1.0(2.9) Throwing
 + Level 10.5 Armour
 + Level 8.9 Dodging
   Level 1.2 Shields
 - Level 1.1 Spellcasting
   Level 2.4 Hexes
   Level 2.4 Earth Magic
 + Level 8.4 Evocations


You had 14 spell levels left.
You knew the following spells:

 Your Spells              Type           Power        Failure   Level  Hunger
a - Summon Butterflies    Summ           #.......     52%         1    None

Your spell library contained the following spells:

 Spells                   Type           Power        Failure   Level  Hunger
 Corona                   Hex            #......      24%         1    None
 Sandblast                Erth           #.....       24%         1    None
 Slow                     Hex            #.......     24%         1    None
 Passwall                 Tmut/Erth      #.......     50%         2    ###....
 Apportation              Tloc           #.....       52%         1    None
 Beastly Appendage        Tmut           #.....       52%         1    None
 Infusion                 Chrm           #.......     52%         1    None
 Magic Dart               Conj           #...         52%         1    None
 Necrotize                Necr           #.....       52%         1    None
 Static Discharge         Air            #.....       52%         1    None
 Summon Small Mammal      Summ           #...         52%         1    None
 Call Imp                 Summ           #.....       65%         2    ###....
 Poisonous Vapours        Pois/Air       #.....       65%         2    ###....
 Shock                    Conj/Air       #......      65%         2    ###....
 Sticks to Snakes         Tmut           #.......     65%         2    ###....
 Swiftness                Chrm/Air       #.......     65%         2    ###....
 Call Canine Familiar     Summ           #.......     86%         3    #####..
 Conjure Flame            Conj/Fire      #.......     86%         3    #####..
 Mephitic Cloud           Conj/Pois/Air  #.......     86%         3    #####..
 Spider Form              Tmut/Pois      #..          86%         3    #####..
 Vampiric Draining        Necr           #.........   86%         3    #####..
 Agony                    Necr           #.......     99%         4    ######.
 Animate Dead             Necr           N/A          99%         4    ######.
 Ice Form                 Ice/Tmut       #.......     99%         4    ######.
 Lightning Bolt           Conj/Air       #.......     99%         4    ######.
 Summon Ice Beast         Ice/Summ       #.......     99%         4    ######.
 Summon Scorpions         Summ/Pois      #.......     99%         4    ######.
 Blade Hands              Tmut           #.........   100%        5    #######
 Bolt of Draining         Conj/Necr      #.........   100%        5    #######
 Dispel Undead            Necr           #.......     100%        5    #######
 Freezing Cloud           Ice/Air        #.......     100%        5    #######
 Metabolic Englaciation   Hex/Ice        #.........   100%        5    #######
 Summon Lightning Spire   Summ/Air       #.......     100%        5    #######
 Bolt of Cold             Conj/Ice       #.........   100%        6    #######
 Iron Shot                Conj/Erth      #.........   100%        6    #######
 Ozocubu's Refrigeration  Ice            #.........   100%        6    #######
 Poison Arrow             Conj/Pois      #.........   100%        6    #######
 Simulacrum               Ice/Necr       #.......     100%        6    #######
 Statue Form              Tmut/Erth      #........    100%        6    #######
 Blink                    Tloc           Unusable     N/A         2    N/A

Dungeon Overview and Level Annotations

Branches:
Dungeon (11/12)            Temple (1/1) D:6            Lair (5/6) D:8
  Swamp (0/3) Lair:4       Shoals (0/3) Lair:2          Orc (0/1) D:11
 Forest (0/3) Lair:5
 Vaults: D:11-12

Altars:
Ashenzari
Cheibriados
Dithmenos
Elyvilon
Fedhas
Gozag
Hepliaklqana
Kikubaaqudgha
Lugonu
Makhleb
Nemelex Xobeh
Okawaru
Qazlal
Ru
Sif Muna
Trog
Uskayaw
Vehumet
Wu Jian
Xom
Yredelemnul
Zin
The Shining One

Shops:
D:6 *   D:7 !   D:11 [

Annotations:
D:2 1 runed door
D:10 1 exclusion
D:11 2 runed translucent doors, yrara's ghost, journeyman DsFi
Lair:2 1 runed door


Innate Abilities, Weirdness & Mutations

You cannot be hasted, slowed, berserked, paralysed or teleported.
You can dig through walls and to a lower floor.
Your four strong arms can wield two-handed weapons with a shield.
You have a pair of large antennae on your head. (SInv)


Message History

The apis barely misses you.
The spriggan rider hits you but does no damage.
A spriggan rider comes into view. It is wielding a +0 spear.
You spin and attack the apis.
The spriggan rider shouts!
You hit the apis. You burn the apis.
The apis is lightly wounded.
You spin to attack the apis, but your attack speed is too slow for a blow to land.
The apis closely misses you. The apis gores you. The apis misses you.
The spriggan rider hits you but does no damage.
The spriggan rider hits you from afar with a +0 spear!
The apis gores you!!
You spin and attack the apis.
You sock the apis! You burn the apis.
The apis is lightly wounded.
You spin and attack the apis.
You sock the apis! You burn the apis.
The apis is moderately wounded.
The apis gores you!!
* * * LOW HITPOINT WARNING * * *
The apis gores you!!
You die...

##...####..####....###
....................P#
....#########...#...##
...## ##..##...# #.##
##...P..# .##
##.P..#.# .# .
♣§§§P### .# { ..Y
♣♣♣§§§§P## ## {
.....♣iY@§§§.P# . {
>...{{iYY#§§.## .# {
....{{♣♣§§#§.# .# {
..Y.♣♣ ♣☼☼§..# .# ...
#§§§..# .# .. #.....#
.. .....## .. .....#
.. .....#


You could see 3 apis and 2 spriggan riders.

Vanquished Creatures
  An apis (Lair:5)
  A dire elephant (Lair:3)
  4 hydras
  A two-headed ogre (Volcano)
  An orc knight (D:11)
  A lindwurm (Lair:3)
  2 ugly things
  A deep elf mage (D:11)
  A salamander (Volcano)
  11 elephants
  A black mamba (Lair:3)
  2 cane toads
  A gargoyle (D:10)
  5 komodo dragons
  4 yaktaurs (D:11)
  4 rime drakes
  3 meliai
  A troll (D:9)
  A polar bear (Lair:5)
  4 blink frogs (Lair:3)
  Grum (D:11)
  A meliai zombie (D:11)
  8 hippogriffs
  Sigmund (D:4)
  A vampire (D:10)
  19 yaks
  A wraith (D:10)
  Eustachio (D:4)
  2 fire bats (Lair:4)
  3 basilisks
  4 vampire mosquitoes (D:11)
  A steam dragon (D:9)
  3 water moccasins
  6 crocodiles
  12 porcupines
  2 hell hounds (Volcano)
  2 black bears (D:8)
  5 orc warriors
  3 sky beasts
  A hornet zombie (D:7)
  An ice beast (D:10)
  3 ogres
  16 wolves
  2 necrophages
  15 bullfrogs
  Blork the orc (D:4)
  A kobold brigand (D:6)
  6 centaurs
  6 scorpions
  13 killer bees
  3 wights (D:11)
  2 electric eels (Lair:1)
  3 orc priests
  3 howler monkeys
  7 crimson imps
  A quasit (D:9)
  A bullfrog zombie (D:9)
  5 hounds
  A bullfrog skeleton (D:6)
  2 jellies
  7 orc wizards
  2 iguanas
  12 worker ants
  Ijyb (D:4)
  2 hound zombies
  A worker ant zombie (D:9)
  2 howler monkey skeletons (D:4)
  8 adders
  2 shadow imps
  3 oozes
  An adder skeleton (D:6)
  5 worms
  3 dart slugs (D:1)
  4 leopard geckos
  42 orcs
  5 giant cockroaches
  3 goblins
  6 hobgoblins
  10 kobolds
  4 quokkas
  2 ball pythons (D:1)
  5 bats
  6 frilled lizards
  6 rats
  A fungus (Lair:4)
362 creatures vanquished.

Vanquished Creatures (others)
  A yaktaur (D:11)
  A killer bee (D:11)
  An orc (D:9)
  A fungus (D:8)
  2 plants
  7 toadstools (Lair:3)
13 creatures vanquished.

Grand Total: 375 creatures vanquished

Notes
Turn   | Place    | Note
-------+----------+-------------------------------------------
     0 | D:1      | Mehrunes the Formicid Wanderer began the quest for the Orb.
     0 | D:1      | Mehrunes set off with the following items: a +2 dagger, 79
                  | poisoned tomahawks, a +0 ring mail, a ration {!d}; and the
                  | following spells available to memorise: Corona, Sandblast,
                  | Slow, Apportation, Infusion, Summon Butterflies
     0 | D:1      | Reached XP level 1. HP: 16/16 MP: 2/2
     2 | D:1      | Learned a level 1 spell: Summon Butterflies
   102 | D:1      | Reached XP level 2. HP: 23/23 MP: 3/3
   155 | D:1      | Reached XP level 3. HP: 23/28 MP: 4/4
   193 | D:1      | Reached skill level 1 in Armour
   359 | D:1      | Reached skill level 2 in Maces & Flails
   659 | D:2      | Reached skill level 1 in Dodging
   764 | D:2      | Reached XP level 4. HP: 31/34 MP: 5/5
  1102 | D:2      | Found a runed door.
  1552 | D:3      | Reached XP level 5. HP: 34/41 MP: 6/6
  1763 | D:3      | Found a shimmering altar of Xom.
  1764 | D:3      | Found a hazy altar of Hepliaklqana.
  1764 | D:3      | Noticed a soldier ant
  1765 | D:3      | Noticed a spectral ugly thing
  1765 | D:3      | Noticed a soldier ant
  1930 | D:4      | Reached skill level 3 in Maces & Flails
  2290 | D:3      | Reached XP level 6. HP: 37/47 MP: 7/7
  2360 | D:4      | Noticed Eustachio
  2362 | D:4      | Found a sparkling altar of Nemelex Xobeh.
  2369 | D:4      | Killed Eustachio
  2370 | D:4      | Reached skill level 4 in Maces & Flails
  2450 | D:4      | Noticed Sigmund
  2463 | D:4      | Killed Sigmund
  2464 | D:4      | Reached skill level 1 in Slings
  2464 | D:4      | Reached XP level 7. HP: 54/54 MP: 8/8
  2787 | D:4      | Noticed Blork the orc
  2794 | D:4      | Killed Blork the orc
  2883 | D:4      | Noticed Ijyb
  2891 | D:4      | Killed Ijyb
  3254 | D:5      | Entered Level 5 of the Dungeon
  3457 | D:4      | Reached skill level 5 in Maces & Flails
  3457 | D:4      | Reached XP level 8. HP: 59/61 MP: 9/9
  3617 | D:5      | Got a faintly glowing ring mail
  3631 | D:5      | Identified the +1 ring mail of Boredom {Dex+3} (You found
                  | it on level 5 of the Dungeon)
  4332 | D:6      | Noticed a hippogriff
  4379 | D:6      | Killed a hippogriff
  4527 | D:6      | Found a staircase to the Ecumenical Temple.
  4545 | Temple   | Entered the Ecumenical Temple
  4922 | D:6      | Reached skill level 5 in Fighting
  4929 | D:6      | Reached skill level 6 in Maces & Flails
  5023 | D:6      | Found a blossoming altar of Fedhas.
  5184 | D:6      | Found a glowing silver altar of Zin.
  5184 | D:6      | Found Zin's Purification Station.
  5244 | D:6      | Reached XP level 9. HP: 64/68 MP: 10/10
  5363 | D:6      | Noticed a troll
  5577 | D:6      | Noticed a rime drake
  5577 | D:6      | a troll changed into a rime drake
  5596 | D:6      | Killed a rime drake
  5597 | D:6      | Reached skill level 7 in Maces & Flails
  5597 | D:6      | Reached skill level 5 in Armour
  6235 | D:7      | Noticed a two-headed ogre
  6253 | D:7      | Noticed a jumping spider
  6253 | D:7      | a two-headed ogre changed into a jumping spider
  6257 | D:7      | Noticed a deep troll
  6257 | D:7      | a jumping spider changed into a deep troll
  6312 | D:6      | Got a fine helmet
  6942 | D:7      | Reached skill level 8 in Maces & Flails
  7071 | D:7      | Found Juforhuh's Distillery.
  7092 | D:7      | Reached skill level 5 in Dodging
  7484 | D:8      | Reached XP level 10. HP: 37/77 MP: 11/11
  7588 | D:8      | Found a glowing golden altar of the Shining One.
  7588 | D:8      | Found an ornate altar of the Wu Jian Council.
  7618 | D:8      | Became a worshipper of the Wu Jian Council
  7662 | D:8      | Reached skill level 1 in Evocations
  7914 | D:8      | Found a shimmering blue altar of Sif Muna.
  7969 | D:8      | Found an iron altar of Okawaru.
  8098 | D:8      | Found a staircase to the Lair.
  8572 | D:9      | Noticed a two-headed ogre
  8967 | D:9      | Reached skill level 9 in Maces & Flails
  9104 | Lair:1   | Entered Level 1 of the Lair of Beasts
  9415 | Lair:1   | Noticed a seven-headed hydra
  9786 | D:9      | Reached * piety under Wu Jian
 10016 | D:9      | Got a bloodstained cloak
 10022 | D:9      | Identified the +0 cloak of the Orange Skies {rPois Dex+2}
                  | (You found it on level 9 of the Dungeon)
 10115 | D:9      | Reached XP level 11. HP: 71/83 MP: 13/13
 10233 | D:9      | Found a bloodstained altar of Trog.
 10238 | D:9      | Identified the Tome of Cankerous Clay
 10576 | D:10     | Entered Level 10 of the Dungeon
 10735 | D:10     | Reached ** piety under Wu Jian
 10903 | D:10     | Reached skill level 10 in Maces & Flails
 11399 | D:11     | Noticed a four-headed hydra
 11506 | D:11     | Found Satseoc's Armour Shoppe.
 11528 | D:11     | Noticed a green ugly thing
 11536 | D:11     | Found a staircase to the Orcish Mines.
 11538 | D:11     | Noticed an orc knight
 11548 | D:10     | Killed a green ugly thing
 12127 | D:10     | Killed a four-headed hydra
 12290 | D:11     | Noticed yrara's ghost (journeyman DsFi)
 12323 | D:11     | Noticed an ettin
 12324 | D:11     | Noticed a lich
 12324 | D:11     | Noticed a skeletal warrior
 12327 | D:11     | Noticed a skeletal warrior
 12385 | D:11     | Reached skill level 5 in Evocations
 12388 | D:11     | Noticed a deep elf mage
 12471 | D:11     | Noticed a red ugly thing
 12484 | D:11     | Killed a red ugly thing
 12555 | D:11     | Reached *** piety under Wu Jian
 12556 | D:11     | Reached XP level 12. HP: 70/94 MP: 15/15
 12778 | D:11     | Found a runed translucent door.
 12784 | D:11     | HP: 3/94 [meliai/divine providence (12)]
 12788 | D:11     | Reached skill level 11 in Maces & Flails
 12790 | D:11     | Noticed Grum
 13308 | D:11     | Noticed a frost giant
 13318 | D:11     | Found a runed translucent door.
 13619 | D:11     | Killed Grum
 14256 | Lair:1   | Killed a seven-headed hydra
 15188 | Lair:2   | Found a staircase to the Shoals.
 15191 | Lair:2   | Found a runed door.
 15373 | Lair:2   | Reached **** piety under Wu Jian
 15504 | Lair:2   | Found a dark tunnel.
 15511 | Volcano  | Entered a volcano
 15539 | Volcano  | Noticed a two-headed ogre
 15546 | Volcano  | Killed a two-headed ogre
 16356 | Lair:2   | Reached XP level 13. HP: 73/101 MP: 18/18
 16434 | Lair:2   | Noticed a seven-headed hydra
 16440 | Lair:2   | Killed a seven-headed hydra
 16441 | Lair:2   | Reached skill level 12 in Maces & Flails
 16752 | Lair:3   | Noticed a seven-headed hydra
 16755 | Lair:3   | Killed a seven-headed hydra
 17125 | Lair:3   | Reached skill level 10 in Fighting
 17696 | Lair:3   | Found a runed door.
 17807 | Lair:3   | Reached skill level 10 in Armour
 17852 | Lair:3   | Reached ***** piety under Wu Jian
 17908 | Lair:3   | Noticed a dire elephant
 17919 | Lair:3   | Killed a dire elephant
 18347 | Lair:4   | Reached skill level 13 in Maces & Flails
 18350 | Lair:4   | Found a staircase to the Swamp.
 19213 | Lair:5   | Reached XP level 14. HP: 102/111 MP: 20/20
 19335 | Lair:5   | Found a staircase to the Spriggan Forest.
 19335 | Lair:5   | Noticed an apis
 19335 | Lair:5   | Noticed an apis
 19335 | Lair:5   | Noticed an apis
 19335 | Lair:5   | Noticed an apis
 19340 | Lair:5   | Killed an apis
 19343 | Lair:5   | Slain by an apis

Skill      XL: |  1  2  3  4  5  6  7  8  9 10 11 12 13 |
---------------+----------------------------------------+-----
Armour         | 1 2 3 4 6 7 8 9 10 | 10.5
Maces & Flails | 2 3 4 5 6 8 9 10 11 13 | 13.3
Dodging        | 1 2 3 5 6 7 8 |  8.9
Fighting       | 3 4 5 6 7 8 9 10 | 10.7
Slings         | 1 4 |  4.8
Evocations     | 3 5 6 8 |  8.4
Throwing       | |  1.0
Shields        | |  1.2
Spellcasting   | |  1.1
Hexes          | |  2.4
Earth Magic    | |  2.4

Action                   |  1- 3 |  4- 6 |  7- 9 | 10-12 | 13-15 || total
-------------------------+-------+-------+-------+-------+-------++-------
Melee: Dagger            |     7 |       |       |       |       ||     7
       Mace              |    96 |   156 |   387 |       |       ||   639
       Dire flail        |       |       |    68 |   877 |       ||   945
       Great mace        |       |       |       |    30 |   178 ||   208
       Hunting sling     |       |       |       |    15 |       ||    15
 Fire: Hunting sling     |       |       |       |    21 |       ||    21
Throw: Tomahawk          |       |     6 |     1 |     1 |       ||     8
Invok: Heavenly Storm    |       |       |       |     1 |     3 ||     4
 Abil: Whirlwind         |       |       |       |   400 |   114 ||   514
       Lunge             |       |       |       |    23 |     9 ||    32
       Dig               |       |       |       |     4 |       ||     4
       Serpent's Lash    |       |       |       |     9 |     7 ||    16
Evoke: Wand              |       |     2 |    21 |     7 |     3 ||    33
  Use: Scroll            |       |     1 |     6 |    12 |     1 ||    20
       Potion            |       |       |       |    10 |     3 ||    13
 Stab: Paralysed         |       |    12 |     9 |       |       ||    21
       Distracted        |       |       |     1 |       |       ||     1
       Invisible         |       |       |       |     1 |     1 ||     2
       Sleeping          |       |       |       |     1 |       ||     1
  Eat: Chunk             |     3 |    11 |    24 |    37 |    14 ||    89
       Ration            |       |       |     1 |     4 |       ||     5
Armor: Ring mail         |    42 |    62 |   180 |       |       ||   284
       Plate armour      |       |       |    32 |   339 |       ||   371
       Chain mail        |       |       |    26 |    25 |    91 ||   142
Dodge: Dodged            |    56 |    77 |   296 |   676 |   181 ||  1286
